 Dungeon Crawl Stone Soup version 0.30-a0-918-g0ff054e9dc (webtiles) character file.

Game seed: 14338439995530012916

87092 cforsyth the Warrior (level 16, -3/144 HPs)
             Began as a Human Fighter on Mar 20, 2023.
             Was the Champion of Okawaru.
             Slain by a sixfirhy (9 damage)
             ... led by a cacodemon
             ... on level 2 of the Abyss.
             The game lasted 00:58:13 (33128 turns).

cforsyth the Warrior (Human Fighter)               Turns: 33128, Time: 00:58:14

Health: -3/144     AC:  8    Str: 23    XL:     16   Next: 36%
Magic:  17/17      EV: 15    Int: 11    God:    Okawaru [******]
Gold:   1942       SH: 20    Dex: 17    Spells: 15/15 levels left

rFire   . . .      SeeInvis .    s - +6 demon whip (freeze)
rCold   . . .      Faith    .    z - +2 kite shield {rN+}
rNeg    + . .      Spirit   .    b - +0 plate armour
rPois   .          Reflect  +    E - +0 helmet
rElec   .          Rampage  .    A - +1 cloak
rCorr   .                        u - +1 pair of gloves
Will    ++...                    U - +0 pair of boots {Fly} Stlth
                                 J - amulet of Neutuen {Reflect Dex+5 SH+5}
HPRegen 0.44/turn                M - ring of willpower
MPRegen 0.15/turn                n - +5 ring of evasion

@: mighty, about to teleport, corroded, flying, hasted, very quick
A: deterioration 1, high MP 1
a: Renounce Religion, Heroism, Finesse, Duel


You were on level 2 of the Abyss.
You worshipped Okawaru.
Okawaru was exalted by your worship.
You visited 5 branches of the dungeon, and saw 23 of its levels.
You visited the Abyss 1 time.

You collected 2137 gold pieces.
You spent 195 gold pieces at shops.

Inventory:

Hand Weapons
 s - a +6 demon whip of freezing (weapon)
Missiles
 Q - 3 throwing nets (quivered)
Armour
 b - a +0 plate armour (worn)
 u - a +1 pair of gloves (worn)
 z - a +2 kite shield of positive energy (worn)
 A - a +1 cloak (worn)
 E - a +0 helmet (worn)
 U - a +0 pair of boots of flying (worn)
Jewellery
 m - a ring of see invisible
 n - a +5 ring of evasion (right hand)
 q - a ring of magical power
 C - a ring of poison resistance
 I - a +6 ring of dexterity
 J - the amulet of Neutuen (around neck) {Reflect Dex+5 SH+5}
   (You found it on level 1 of the Orcish Mines)

   [amulet of reflection]

   It reflects blocked missile attacks.
   Dex:       It affects your dexterity (+5).
   SH:        It affects your SH (+5).
 M - a ring of willpower (left hand)
 O - a ring of flight
Wands
 f - a wand of flame (45)
 j - a wand of roots (11)
 R - a wand of quicksilver (6)
 T - a wand of digging (9)
Scrolls
 c - 2 scrolls of identify
 d - a scroll of blinking
 g - 5 scrolls of magic mapping
 i - 2 scrolls of teleportation
 r - a scroll of torment
 K - 9 scrolls of fog
 S - 3 scrolls of enchant armour
Potions
 a - a potion of resistance
 h - 7 potions of mutation
 k - 5 potions of haste
 l - 6 potions of brilliance
 o - a potion of flight
 p - 5 potions of curing
 x - a potion of invisibility
 B - 2 potions of might
 F - 4 potions of berserk rage
 H - 2 potions of attraction
 L - a potion of cancellation
 N - 4 potions of lignification


   Skills:
 + Level 18.3 Fighting
 - Level 12.7 Maces & Flails
 + Level 13.3 Armour
 + Level 7.3 Dodging
 + Level 13.4 Shields


You had 15 spell levels left.
You didn't know any spells.
Your spell library contained the following spells:

 Spells                   Type           Power      Damage    Failure   Level
 Apportation              Tloc           0%         N/A       100%        1
 Beastly Appendage        Tmut           0%         N/A       100%        1
 Freeze                   Ice            0%         1d3       100%        1
 Necrotise                Necr           0%         1d4       100%        1
 Blink                    Tloc           0%         N/A       100%        2
 Ensorcelled Hibernation  Hex/Ice        0%         N/A       100%        2
 Lesser Beckoning         Tloc           0%         N/A       100%        2
 Momentum Strike          Conj/Tloc      0%         3d8       100%        2
 Passwall                 Tmut/Erth      0%         N/A       100%        2
 Static Discharge         Conj/Air       0%         2-2/arc   100%        2
 Sublimation of Blood     Necr           0%         N/A       100%        2
 Wereblood                Tmut           0%         N/A       100%        2
 Dazzling Flash           Conj/Hex       0%         N/A       100%        3
 Frozen Ramparts          Ice            0%         1d1       100%        3
 Hailstorm                Conj/Ice       0%         3d3       100%        3
 Spider Form              Tmut/Pois      0%         N/A       100%        3
 Stone Arrow              Conj/Erth      0%         3d7       100%        3
 Swiftness                Air            0%         N/A       100%        3
 Vhi's Electric Charge    Tloc/Air       0%         N/A       100%        3
 Iskenderun's Mystic Bla  Conj/Tloc      0%         2d3       100%        4
 Petrify                  Tmut/Erth      0%         N/A       100%        4
 Arcjolt                  Conj/Air       0%         1d10      100%        5
 Freezing Cloud           Conj/Ice/Air   0%         6-21      100%        5
 Irradiate                Conj/Tmut      0%         3d11      100%        5
 Plasma Beam              Fire/Air       0%         2x1d11    100%        5
 Starburst                Conj/Fire      0%         6d3       100%        6
 Lehudib's Crystal Spear  Conj/Erth      0%         10d2      100%        8
 Polar Vortex             Ice            0%         N/A       100%        9
 Summon Small Mammal      Summ           Unusable   N/A       N/A         1
 Animate Armour           Summ/Erth      Unusable   N/A       N/A         4
 Simulacrum               Ice/Necr       Unusable   N/A       N/A         6

Dungeon Overview and Level Annotations

Branches:
Dungeon (14/15)            Temple (1/1) D:5            Lair (5/5) D:9
 Shoals (0/4) Lair:2        Snake (1/4) Lair:2        Slime (0/5) Lair:4
    Orc (2/2) D:11            Elf (0/3) Orc:2
 Vaults: D:13-14

Altars:
Ashenzari
Cheibriados
Dithmenos
Elyvilon
Fedhas
Gozag
Hepliaklqana
Kikubaaqudgha
Makhleb
Nemelex Xobeh
Okawaru
Qazlal
Ru
Sif Muna
Trog
Uskayaw
Vehumet
Wu Jian
Xom
Yredelemnul
Zin
The Shining One
Jiyva
Lugonu

Shops:
D:7 *   D:10 *   D:13 (   Orc:2 !!*(=

Annotations:
D:12 2 transporters
D:14 Louise
Lair:3 1 runed translucent door, Ryskou's ghost, journeyman DsFi
Snake:1 Nikola


Innate Abilities, Weirdness & Mutations

Your body sometimes deteriorates upon taking damage.
You have an increased reservoir of magic. (+10% MP)


Message History

The cyan very ugly thing basks in the mutagenic energy from its kin and changes!
You miss the sixfirhy.
The sixfirhy is moderately wounded.
You block the brown very ugly thing's attack.
Blink to where?
Press: ? - help, Dir - move target
As you read the scroll of blinking, it crumbles to dust.
As you read the scroll of teleportation, it crumbles to dust.
You feel strangely unstable.
You feel the power of the Abyss delaying your translocation!
You hear a grinding noise.
You block the sixfirhy's attack.
An ancient zyme comes into view.
You feel yourself growing ill in the presence of the ancient zyme.
An orange demon comes into view.
Unknown command.
You reach down and open the door.
An iron imp comes into view.
The iron imp shouts, "Quail, thou baffled flat-headed pumpion!"
You hear a roar! x2
A thrashing horror comes into view.
A thrashing horror comes into view.
The thrashing horror roars! x2
A thrashing horror comes into view.
The iron imp misses you.
There is an open door here.
A small abomination comes into view.
The thrashing horror roars!
The sixfirhy misses you.
The thrashing horror attacks as you move away!
The thrashing horror tramples you!
* * * LOW HITPOINT WARNING * * *
You block the thrashing horror's attack.
The thrashing horror attacks as you move away!
You block the thrashing horror's attack.
The thrashing horror tramples you.
* * * LOW HITPOINT WARNING * * *
The sixfirhy attacks as you move away! You block the sixfirhy's attack.
The sixfirhy hits you!
You die...

## ##
#.##.###.4.#### #
.##..#.#.##.....# .
.x........#....##
...
..........+.....'u .
........@.#...# # ..
##...X3###...###...
#.
..'X..X5'........#..
.
..#.....#...........
...
#.....####..########
.. ####... #..##.
...##.
#.....'........#....
#.....#......... ...
#.....##.##3#.u. u..


You could see 3 thrashing horrors, a sixfirhy, a small abomination and an iron
imp.

Vanquished Creatures
  Rupert (Orc:2)
  An Executioner (Abyss:2)
  A tentacled starspawn (Abyss:2)
  A very ugly thing (Abyss:2)
  The ghost of olddryhag the Thaumaturge, a journeyman DsIE of Yredelemnul (Orc:1)
  Snorg (Orc:1)
  The ghost of bmack86 the Blocker, a journeyman MiFi of Okawaru (D:12)
  A catoblepas (Lair:1)
  An anaconda (Lair:5)
  9 hydras
  2 centaur warriors
  3 two-headed ogres
  2 death yaks
  3 orc high priests
  2 thrashing horrors (Abyss:2)
  A shock serpent (Snake:1)
  2 skysharks (Lair:5)
  3 skeletal warriors (D:13)
  A sixfirhy (Abyss:2)
  Amaemon (D:11)
  A goliath frog (Lair:5)
  A wizard (D:14)
  6 orc knights
  A deep elf pyromancer (D:12)
  A necromancer (Lair:2)
  4 ugly things
  An oklob plant (Lair:1)
  7 orc sorcerers
  The ghost of AverageBear the Cleaver, a novice OpFi of Cheibriados (D:6)
  A cyclops (shapeshifter) (D:9)
  2 moths of wrath (Orc:1)
  9 elephants
  2 black mambas
  2 smoke demons (Abyss:2)
  2 merfolk sirens (Lair:2)
  21 cane toads
  An orange demon (D:11)
  A torpor snail (Lair:5)
  Maggie (D:7)
  3 gargoyles
  17 komodo dragons
  5 rime drakes
  4 freezing wraiths
  A kobold demonologist (D:10)
  3 unseen horrors
  An ancient zyme (Abyss:2)
  3 polar bears
  A tyrant leech (Lair:5)
  8 trolls
  2 hornets
  4 raiju (Abyss:2)
  2 merfolk (Lair:2)
  20 blink frogs
  3 slime creatures (D:14)
  A large abomination (Abyss:2)
  A water elemental (D:11)
  6 wyverns
  8 wraiths
  2 basilisks (Lair:2)
  49 yaks
  10 vampire mosquitoes
  Edmund (D:4)
  4 nagas (Lair:2)
  9 wargs
  4 acid dragons
  14 water moccasins
  21 orc warriors
  3 sky beasts
  2 black bears
  8 ogres
  4 wolves (Lair:3)
  5 centaurs
  19 bullfrogs
  6 scorpions
  3 gnoll sergeants
  14 wights
  18 killer bees
  3 electric eels
  2 jellies
  A hound (D:6)
  12 orc priests
  2 sleepcaps
  Jessica (D:3)
  9 iguanas
  19 orc wizards
  5 hell rats (Lair:4)
  A polar bear simulacrum (Lair:2)
  3 wolf simulacra (Lair:2)
  5 yak simulacra (Lair:2)
  5 small abominations (Abyss:2)
  5 adders
  14 gnolls
  2 shadow imps
  4 white imps
  An ufetubus (Abyss:2)
  A worm (D:5)
  The ghost of Khashishi the Sneak, a weakling FeDe (D:5)
  51 orcs
  4 endoplasms
  2 giant cockroaches
  9 goblins
  3 hobgoblins
  5 kobolds
  2 quokkas
  4 ball pythons
  4 bats
  21 frilled lizards
  10 rats
  2 river rat simulacra (Lair:2)
  A spectral orc (D:11)
  2 starspawn tentacles (Abyss:2)
608 creatures vanquished.

Vanquished Creatures (others)
  2 orc priests
  18 fungi
  97 plants
  4 starspawn tentacles (Abyss:2)
121 creatures vanquished.

Grand Total: 729 creatures vanquished

Notes
Turn   | Place    | Note
-------+----------+-------------------------------------------
     0 | D:1      | cforsyth the Human Fighter began the quest for the Orb.
     0 | D:1      | Reached XP level 1. HP: 18/18 MP: 1/1
   543 | D:1      | Reached XP level 2. HP: 24/24 MP: 2/2
   987 | D:2      | You fall into a shaft and drop 1 floor!
  1028 | D:2      | Reached XP level 3. HP: 21/29 MP: 3/3
  1681 | D:3      | Reached XP level 4. HP: 34/35 MP: 4/4
  2017 | D:3      | Noticed Jessica
  2025 | D:3      | Killed Jessica
  2370 | D:4      | Noticed a bullfrog
  2382 | D:4      | Killed a bullfrog
  2383 | D:4      | Reached XP level 5. HP: 40/42 MP: 5/5
  2621 | D:4      | Reached skill level 4 in Fighting
  2621 | D:4      | Reached XP level 6. HP: 41/48 MP: 6/6
  2671 | D:4      | Noticed Edmund
  2706 | D:4      | Killed Edmund
  2789 | D:4      | Found a shadowy altar of Dithmenos.
  2789 | D:4      | Found a hazy altar of Hepliaklqana.
  2792 | D:4      | Noticed a shadow
  3205 | D:4      | Reached XP level 7. HP: 55/55 MP: 7/7
  3394 | D:5      | Entered Level 5 of the Dungeon
  3598 | D:5      | Found a runed translucent door.
  3609 | D:5      | Reached skill level 5 in Fighting
  3636 | D:5      | Reached skill level 5 in Armour
  3636 | D:5      | Reached skill level 5 in Shields
  3665 | D:5      | Reached XP level 8. HP: 37/62 MP: 8/8
  4356 | D:5      | Found a staircase to the Ecumenical Temple.
  4366 | Temple   | Entered the Ecumenical Temple
  4620 | D:5      | Reached skill level 5 in Maces & Flails
  4792 | D:5      | Noticed Khashishi's ghost (weakling FeDe)
  4882 | D:6      | Found a runed translucent door.
  4889 | D:6      | Noticed AverageBear's ghost (novice OpFi)
  4970 | D:6      | Reached skill level 6 in Fighting
  4973 | D:6      | Reached XP level 9. HP: 8/69 MP: 9/9
  5186 | D:6      | Found a stormy altar of Qazlal.
  6174 | D:7      | Found Coto Ton's Overcharged Wands.
  6197 | D:7      | Noticed Maggie
  6205 | D:7      | Killed Maggie
  6358 | D:7      | Reached skill level 7 in Fighting
  6857 | D:7      | Reached XP level 10. HP: 19/79 MP: 10/10
  7271 | D:8      | Identified the +8 war axe "Beetleslayer" {heavy, rF+ Str+3}
  7997 | D:8      | Noticed a seven-headed hydra
  8186 | D:8      | HP: 1/80 [seven-headed hydra (6)]
  8187 | D:8      | Killed a seven-headed hydra
  8188 | D:8      | Reached skill level 8 in Fighting
  8573 | D:8      | Noticed an unseen horror
  8582 | D:8      | Killed an unseen horror
  9260 | D:9      | Found a snail-covered altar of Cheibriados.
  9526 | D:9      | Found a sparkling altar of Nemelex Xobeh.
  9544 | D:9      | Found a staircase to the Lair.
  9544 | D:9      | Noticed a two-headed ogre
  9822 | D:8      | Reached XP level 11. HP: 59/87 MP: 11/11
 10376 | D:9      | Found a glowing silver altar of Zin.
 10418 | D:9      | Noticed a green ugly thing
 10430 | D:9      | Killed a green ugly thing
 10431 | D:9      | Reached skill level 9 in Fighting
 10444 | D:9      | Noticed a centaur warrior
 10453 | D:9      | Killed a centaur warrior
 10469 | D:9      | Noticed a cyclops
 10474 | D:9      | Killed a cyclops
 10629 | D:9      | Found an iron altar of Okawaru.
 10768 | D:9      | Killed a two-headed ogre
 10952 | D:10     | Entered Level 10 of the Dungeon
 11418 | D:10     | Found Bekewoxe's General Store.
 11515 | D:10     | Reached skill level 10 in Fighting
 11706 | D:10     | Reached skill level 10 in Maces & Flails
 11706 | D:10     | Reached XP level 12. HP: 77/98 MP: 12/12
 12058 | D:11     | Found a runed translucent gate.
 12058 | D:11     | Found a runed translucent gate.
 12059 | D:11     | Found a runed translucent gate.
 12067 | D:11     | Noticed bmack86's ghost (journeyman MiFi)
 12406 | D:11     | Found a hazy altar of Hepliaklqana.
 12506 | D:9      | Became a worshipper of Warmaster Okawaru
 12654 | D:11     | Found a staircase to the Orcish Mines.
 12908 | D:11     | Noticed Amaemon
 12953 | D:11     | Reached skill level 11 in Fighting
 13315 | D:11     | Killed Amaemon
 13315 | D:11     | Reached * piety under Okawaru
 13938 | D:12     | Noticed a two-headed ogre
 13947 | D:12     | Killed a two-headed ogre
 13953 | D:12     | Reached ** piety under Okawaru
 14509 | D:12     | Found a transporter.
 14517 | D:12     | Found a transporter.
 14534 | D:12     | Found a corrupted altar of Lugonu.
 14534 | D:12     | Noticed a brown very ugly thing
 15087 | D:12     | Reached skill level 12 in Fighting
 15417 | D:13     | Noticed a centaur warrior
 15428 | D:13     | Killed a centaur warrior
 15475 | D:13     | Noticed a four-headed hydra
 15530 | D:13     | Killed a four-headed hydra
 15576 | D:13     | Reached XP level 13. HP: 108/109 MP: 13/13
 15741 | D:13     | Reached *** piety under Okawaru
 16305 | D:13     | Found Myem's Antique Weapon Shoppe.
 16575 | Lair:1   | Entered Level 1 of the Lair of Beasts
 16714 | D:9      | Identified a scroll of acquirement
 16714 | D:9      | Acquired a manual of Fighting
 16720 | D:9      | Reached skill level 13 in Fighting
 17108 | Lair:1   | Reached **** piety under Okawaru
 18030 | Lair:1   | Noticed a catoblepas
 18044 | Lair:1   | Killed a catoblepas
 18636 | Lair:2   | Reached skill level 14 in Fighting
 18974 | Lair:2   | Reached skill level 10 in Shields
 19010 | Lair:2   | Reached skill level 10 in Armour
 19163 | Lair:2   | Reached ***** piety under Okawaru
 19244 | Lair:2   | Found a staircase to the Snake Pit.
 19933 | Lair:2   | Found a staircase to the Shoals.
 20057 | Lair:3   | Reached XP level 14. HP: 118/121 MP: 14/14
 20089 | Lair:3   | Noticed Ryskou's ghost (journeyman DsFi)
 20093 | Lair:3   | Found a runed translucent door.
 20548 | Lair:2   | Reached skill level 15 in Fighting
 21924 | Lair:3   | Received a gift from Okawaru
 22954 | Lair:4   | Found a viscous altar of Jiyva.
 22958 | Lair:4   | Found a staircase to the Slime Pits.
 23159 | Lair:5   | Entered Level 5 of the Lair of Beasts
 23284 | Lair:5   | Reached skill level 16 in Fighting
 23296 | Lair:5   | Reached skill level 1 in Dodging
 23374 | Lair:5   | Reached ****** piety under Okawaru
 23374 | Lair:5   | Received a gift from Okawaru
 24201 | Lair:5   | Reached XP level 15. HP: 95/132 MP: 15/15
 25073 | Lair:5   | Reached skill level 17 in Fighting
 26081 | Orc:1    | Entered Level 1 of the Orcish Mines
 26104 | Orc:1    | Reached skill level 5 in Dodging
 26128 | Orc:1    | Received a gift from Okawaru
 26554 | Orc:1    | Found a transporter.
 26568 | Orc:1    | Noticed olddryhag's ghost (journeyman DsIE)
 26578 | Orc:1    | Found a transporter.
 26823 | D:5      | Killed Khashishi's ghost
 26960 | D:6      | Killed AverageBear's ghost
 27251 | D:12     | Killed bmack86's ghost
 27774 | Orc:2    | Entered Level 2 of the Orcish Mines
 27991 | Orc:2    | Noticed Rupert
 28003 | Orc:2    | Killed Rupert
 28189 | Orc:2    | Found a staircase to the Elven Halls.
 28384 | Orc:2    | Paralysed by an orc sorcerer for 2 turns
 28685 | Orc:2    | Found Arhaotze's Jewellery Shoppe.
 28697 | Orc:2    | Gained mutation: You have an increased reservoir of magic.
                  | (+10% MP) [a neqoxec]
 28702 | Orc:2    | Gained mutation: Your body sometimes deteriorates upon
                  | taking damage. [a neqoxec]
 29706 | Orc:2    | Found Ofinivogh's Weapon Boutique.
 29706 | Orc:2    | Found Nuqong's Assorted Antiques.
 29740 | Orc:2    | Found Pamo's Distillery.
 29740 | Orc:2    | Found Zeithruqi's Distillery.
 29751 | Orc:2    | Bought a scroll of enchant armour for 195 gold pieces
 29819 | Orc:1    | Noticed Snorg
 29821 | Orc:1    | Received a gift from Okawaru
 29822 | Orc:1    | Reached skill level 18 in Fighting
 30110 | Orc:1    | Killed Snorg
 30552 | Lair:1   | Reached XP level 16. HP: 118/143 MP: 17/17
 30887 | D:14     | Noticed Louise
 31083 | Snake:1  | Entered Level 1 of the Snake Pit
 31083 | Snake:1  | Found a shadowy altar of Dithmenos.
 31128 | Snake:1  | Noticed Nikola
 32050 | Orc:1    | Killed olddryhag's ghost
 32060 | Orc:1    | Identified the amulet of Neutuen {Reflect Dex+5 SH+5}
 32529 | Abyss:2  | Cast into level 2 of the Abyss (Louise)
 32563 | Abyss:2  | Found a corrupted altar of Lugonu.
 32672 | Abyss:2  | Noticed an Executioner
 32691 | Abyss:2  | Killed an Executioner
 32887 | Abyss:2  | Found a corrupted altar of Lugonu.
 33066 | Abyss:2  | Found a corrupted altar of Lugonu.
 33075 | Abyss:2  | Noticed a tentacled starspawn
 33077 | Abyss:2  | Found a corrupted altar of Lugonu.
 33110 | Abyss:2  | Killed a tentacled starspawn
 33111 | Abyss:2  | HP: 6/144 [acid (9)]
 33128 | Abyss:2  | HP: 6/144 [thrashing horror (5)]
 33128 | Abyss:2  | Slain by a sixfirhy

Illustrated notes

Levels and vault maps discovered:
D:1:      dpeg_arrival_windows_large_door, layout_loops_corners,
          roderic_cross_of_infinity
D:2:      layout_basic
D:3:      layout_rooms, uniq_jessica
D:4:      layout_loops_corners, riverfiend_overflow_shadow_ancestor, uniq_edmund
D:5:      layout_loops_ring, minmay_temple_entry_offerings,
          ebering_ghost_reflecting_pool
D:6:      layout_basic, lemuel_round_altar, ebering_ghost_sewer_d,
          minmay_misc_feat_square
D:7:      layout_loops_ring, nicolae_shop_overcharged_wands, uniq_maggie
D:8:      layout_gridville
D:9:      minmay_chambers_of_sixes, layout_irregular_city, cheibriados_altar_1,
          kennysheep_little_box, kennysheep_mini_moat,
          mainiacjoe_overflow_brackets, minmay_strange_pillars
D:10:     layout_cross, serial_shops, shop, kennysheep_potato
D:11:     layout_layer_cave, erik_orc_4, gammafunk_ghost_spectres,
          nicolae_hepliaklqana_monster_ancestors, uniq_amaemon
D:12:     gammafunk_corrupted_shrine, layout_loops_cross,
          amcnicky_mini_pool_medium
D:13:     layout_loops_ring, serial_shops, nicolae_stop_n_shop_2,
          lemuel_flamethrower_2
D:14:     kennysheep_demon_hangout, layout_long_grid,
          lightli_vaults_fourway_checkpoint, gammafunk_ghost_crypt,
          nicolae_hexahallways, uniq_frances, uniq_louise
Temple:   bh_familiar_temple
Lair:1:   layout_cave_pods, grunt_megastairs_4
Lair:2:   layout_chaotic_city, elwin_shoals_entry_stream,
          minmay_snake_entry_guardpost_small, eino_house_with_fridge,
          lemuel_fruit_fields
Lair:3:   lemuel_reptile_caves, layout_chaotic_city,
          hellmonk_ghost_happy_afterlife, serial_bayou_shore_a,
          grunt_megastairs_1
Lair:4:   layout_cave_pods, dpeg_slime_entry_corner, minivault_11
Lair:5:   minmay_lair_end_frog_pond, layout_cave_pods, minmay_shattered_shrine,
          serial_bayou_shore_b
Snake:1:  layout_honeycomb, basic_altar, grunt_ministairs_1,
          serial_bayou_shore_b, uniq_nikola
Orc:1:    layout_caves, gammafunk_ghost_berserking_beasts, uniq_snorg
Orc:2:    grunt_orc_tribal_feast, layout_caves, serial_shops,
          nicolae_square_shop, uniq_rupert
Abyss:2:  base:
D:8

Skill      XL: |  1  2  3  4  5  6  7  8  9 10 11 12 13 14 15 16 |
---------------+-------------------------------------------------+-----
Maces & Flails | 3 4 5 6 8 10 12 | 12.7
Fighting       | 4 5 6 7 8 10 12 14 16 18 | 18.3
Armour         | 4 5 6 7 8 9 10 11 12 13 | 13.3
Shields        | 4 5 6 7 8 9 10 11 13 | 13.4
Dodging        | 3 6 7 |  7.3

Action                     |  1- 3 |  4- 6 |  7- 9 | 10-12 | 13-15 | 16-18 || total
---------------------------+-------+-------+-------+-------+-------+-------++-------
  Melee: Flail             |   106 |    87 |   218 |   526 |       |       ||   937
         Demon whip        |       |       |       |    94 |  1504 |   228 ||  1826
  Evoke: Wand              |       |       |       |     6 |     9 |     6 ||    21
    Use: Potion            |       |     1 |     2 |     3 |     2 |     3 ||    11
         Scroll            |       |       |     2 |    25 |    12 |     3 ||    42
 Armour: Scale mail        |    47 |    16 |       |       |       |       ||    63
         Chain mail        |       |    28 |   238 |   222 |       |       ||   488
         Skin              |       |       |       |     4 |       |       ||     4
         Plate armour      |       |       |       |    56 |   377 |    67 ||   500
  Dodge: Dodged            |    46 |    23 |    83 |   168 |   456 |    72 ||   848
  Block: Buckler           |    21 |     8 |       |       |       |       ||    29
         Kite shield       |       |    34 |   208 |   570 |   835 |   171 ||  1818
         Reflection        |       |       |       |    12 |       |     1 ||    13

Table legend: (Time is in decaauts)
 A = Elapsed time spent in this place.
 B = Non-inter-level travel time spent in this place.
 C = Inter-level travel time spent in this place.
 D = Time resting spent in this place.
 E = Time spent auto-exploring this place.
 F = Levels seen in this place.
 G = Mean time per level.
                   A        B        C        D        E       F      G
               +--------+--------+--------+--------+--------+-----+--------+
         Total |  32900 |  30602 |   2298 |   6818 |  18119 |  24 | 1370.8 |
       Dungeon |  19102 |  17495 |   1607 |   4137 |  10269 |  14 | 1364.4 |
        Temple |    184 |    155 |     29 |      0 |    151 |   1 |  184.0 |
          Lair |   9219 |   8678 |    541 |   1305 |   5925 |   5 | 1843.8 |
     Snake Pit |     51 |     51 |      0 |      0 |     23 |   1 |   51.0 |
  Orcish Mines |   3804 |   3686 |    118 |   1342 |   1462 |   2 | 1902.0 |
         Abyss |    539 |    539 |      0 |     34 |    289 |   1 |  539.0 |
               +--------+--------+--------+--------+--------+-----+--------+

Top non-repeatable levels by time:
     D:9: 2644 daAuts
  Lair:5: 2571 daAuts
    D:11: 2307 daAuts
    D:12: 2281 daAuts
   Orc:1: 2151 daAuts
     D:7: 1968 daAuts
  Lair:3: 1886 daAuts
  Lair:2: 1859 daAuts
  Lair:1: 1852 daAuts
   Orc:2: 1652 daAuts
     D:8: 1643 daAuts
     D:4: 1398 daAuts
     D:6: 1335 daAuts
     D:5: 1206 daAuts
  Lair:4: 1048 daAuts
